 Dungeon Crawl Stone Soup version 0.25.0-10-g039870ee82 (webtiles) character file.

Game seed: 7315481864075251383

44832 Jabberih the Black Belt (level 14, -1/102 HPs)
             Began as an Octopode Transmuter on June 18, 2020.
             Was a High Priest of Makhleb.
             Slain by a sixfirhy (10 damage)
             ... summoned by an orc high priest
             ... on level 2 of the Orcish Mines on June 22, 2020.
             The game lasted 01:27:47 (22589 turns).

Jabberih the Black Belt (Octopode Transmuter)      Turns: 22589, Time: 01:27:49

Health: -1/102     AC:  7    Str: 17    XL:     14   Next: 30%
Magic:  21/21      EV: 18    Int: 24    God:    Makhleb [*****.]
Gold:   1393       SH:  0    Dex: 13    Spells: 6/19 levels left

rFire    . . .     SeeInvis .     - Unarmed
rCold    + + +     Gourm    .   (shield currently unavailable)
rNeg     . . .     Faith    .   (helmet currently unavailable)
rPois    +         Spirit   .   m - amulet of regeneration
rElec    .         Reflect  .   j - +6 ring of strength
rCorr    .         Harm     .   q - ring of protection from cold
MR       +....                  A - +4 ring of evasion
Stlth    +.........             M - +6 ring of intelligence
HPRegen  0.67/turn              H - ring of poison resistance
MPRegen  0.17/turn              O - ring of protection from fire
                                (no ring)
                                (no ring)

@: ice-form, studying Ice Magic, heavily drained
A: large, almost no armour, stealthy swim, amphibious, 8 rings, (constrict 8)
a: End Transformation, Minor Destruction, Lesser Servant of Makhleb, Major
Destruction, Greater Servant of Makhleb, Renounce Religion


You were on level 2 of the Orcish Mines.
You worshipped Makhleb.
Makhleb was extremely pleased with you.
You were hungry.
You were a creature of crystalline ice.
You visited 3 branches of the dungeon, and saw 18 of its levels.
You also visited: Ossuary and Ice Cave.

You collected 1393 gold pieces.

Inventory:

Hand Weapons
 b - a +1 whip of pain
 E - a cursed -2 spear
Missiles
 a - 220 arrows
 k - 47 poisoned darts
 l - 463 stones (quivered)
Jewellery
 e - an uncursed amulet of magic regeneration
 j - a +6 ring of strength (left front paw)
 m - an amulet of regeneration (around neck)
 q - a ring of protection from cold (right front paw)
 A - a +4 ring of evasion (on tentacle)
 H - a ring of poison resistance (on tentacle)
 M - a +6 ring of intelligence (on tentacle)
 O - a ring of protection from fire (on tentacle)
Wands
 y - a wand of iceblast (42)
 B - a wand of acid (16)
 D - a wand of digging (7)
 F - a wand of polymorph (6)
Scrolls
 d - 3 scrolls of immolation
 h - 18 scrolls of remove curse
 n - 9 scrolls of teleportation
 s - a scroll of identify
 v - 2 scrolls of enchant armour
 G - 2 scrolls of enchant weapon
 K - 3 scrolls of fear
 L - a scroll of fog
Potions
 f - 2 potions of lignification
 g - a potion of haste
 o - 3 potions of stabbing
 p - 2 potions of cancellation
 t - a potion of mutation
 x - 3 potions of berserk rage
 C - 2 potions of heal wounds
 I - a potion of resistance
 N - 3 potions of curing
Books
 r - a manual of Ice Magic
 u - a manual of Ice Magic
Comestibles
 c - 21 rations
 i - 20 chunks of flesh


   Skills:
 + Level 4.3(3.0) Fighting
 + Level 9.9(8.5) Dodging
 * Level 16.8(15.1) Unarmed Combat
 - Level 3.0(1.8) Spellcasting
 - Level 7.3(5.9) Transmutations
 - Level 4.2(2.9) Ice Magic
 - Level 10.0(8.5) Invocations
 + Level 6.0(4.7) Evocations


You had 6 spell levels left.
You knew the following spells:

 Your Spells              Type           Power        Failure   Level  Hunger
a - Beastly Appendage     Tmut           ####..       1%          1    #......
b - Sticks to Snakes      Tmut           ####....     1%          2    ##.....
c - Spider Form           Tmut/Pois      ###.......   11%         3    ###....
d - Mephitic Cloud        Conj/Pois/Air  #.......     36%         3    ###....
e - Ice Form              Ice/Tmut       ###.....     19%         4    #####..

Your spell library contained the following spells:

 Spells                   Type           Power        Failure   Level  Hunger
 Magic Dart               Conj           #...         12%         1    #......
 Blink                    Tloc           N/A          19%         2    ##.....
 Call Imp                 Summ           #.......     19%         2    ##.....
 Slow                     Hex            #.......     19%         2    ##.....
 Blade Hands              Tmut           ####......   30%         5    ######.
 Petrify                  Tmut/Erth      ###.....     34%         4    #####..
 Confusing Touch          Hex            #.......     36%         3    ###....
 Conjure Flame            Conj/Fire      #.......     36%         3    ###....
 Gell's Gravitas          Tloc           #.........   36%         3    ###....
 Yara's Violent Unravell  Hex/Tmut       ###.......   69%         5    ######.
 Metabolic Englaciation   Hex/Ice        #.........   88%         5    ######.
 Bolt of Magma            Conj/Fire/Erth #.........   98%         5    ######.
 Iskenderun's Battlesphe  Conj/Chrm      #.......     98%         5    ######.
 Iron Shot                Conj/Erth      #.........   100%        6    #######
 Orb of Destruction       Conj           #.........   100%        7    #######
 Spellforged Servitor     Conj/Summ      #.........   100%        7    #######


Dungeon Overview and Level Annotations

Branches:
Dungeon (10/15)            Temple (0/1) D:7            Lair (6/6) D:10
 Shoals (0/4) Lair:4       Spider (0/4) Lair:2        Slime (0/5) Lair:6
    Orc (2/2) D:9         Ossuary (visited)           IceCv (visited)
    Elf: Orc:2

Altars:
Ashenzari
Dithmenos
Fedhas
Makhleb
Ru
Sif Muna
Vehumet
Wu Jian
Xom
Yredelemnul
The Shining One
Beogh
Jiyva

Shops:
D:5 [   D:9 !   Orc:2 ?

Annotations:
Lair:2 exclusion: oklob plant
Lair:3 3 runed translucent doors, Dikli's ghost, journeyman MiBe
Lair:5 1 runed translucent door, kalagan's ghost, journeyman GrFi
Lair:6 1 runed translucent door


Innate Abilities, Weirdness & Mutations

You cannot wear most types of armour.
You are very stealthy in the water. (Stealth+)
You are amphibious.
You can wear up to eight rings at the same time.
((You can use your tentacles to constrict eight enemies at once.))
((Your skin changes colour to match your surroundings (Stealth+).))
((Your rubbery body absorbs attacks. (AC +1, EV +1)))


Message History

Send 'em back where they came from!
Your ynoxinul shudders.
Your smoke demon disappears in a puff of smoke!
The orc sorcerer howls an incantation.
You feel troubled.
Your ynoxinul gestures.
The orc high priest barely misses your ynoxinul.
Your ynoxinul barely misses the orc high priest.
The orc high priest mumbles some strange prayers to Beogh.
Something hits your ufetubus!!
Your ufetubus dies!
The sixfirhy misses you. The sixfirhy hits you!
* * * LOW HITPOINT WARNING * * *
The sixfirhy shocks you!
* * * LOW HITPOINT WARNING * * *
The sixfirhy hits you.
* * * LOW HITPOINT WARNING * * *
The sixfirhy shocks you!
You die...

.#...###..# ## ..#....
.######..####.# .......
o####ooo## #... ....... ...3oo###
#..# ### ........... .######
#..###.####.#.........
.###########...#...#.<..##.......
..#5#.....#...###........#.#.....
..o.....o.#....##.......#........
#.#o....o3.....3Y..#.............
...##o#..........................
....####......#..................
....## ##.....#..................
.....######......................
....##..###......................
##.......###......#..............
##.##....##.##......)...........
#####.......##.....))..........


You could see a sixfirhy (summoned) and a friendly ynoxinul (summoned).

Vanquished Creatures
  An orc warlord (D:9)
  A hydra (Lair:5)
  A merfolk avatar (Lair:6)
  A catoblepas (Lair:3)
  2 sea snakes (Lair:6)
  A necromancer (IceCv)
  13 elephants
  3 black mambas
  An ice statue (IceCv)
  6 spiny frogs
  Maggie (Lair:1)
  9 komodo dragons
  5 rime drakes
  7 freezing wraiths (IceCv)
  A merfolk (Lair:4)
  Prince Ribbit (D:6)
  3 trolls
  7 polar bears
  A wind drake (Lair:6)
  5 dream sheep (Lair:6)
  2 hornets
  5 blink frogs (Lair:2)
  12 hippogriffs
  31 yaks
  Eustachio (D:6)
  A basilisk (Lair:5)
  7 wyverns
  A death yak simulacrum (IceCv)
  A warg (Orc:1)
  Edmund (D:6)
  12 water moccasins
  14 orc warriors
  Duvessa (D:6)
  4 porcupines
  Purgy (D:3)
  5 black bears
  7 ice beasts
  2 ogres (D:9)
  11 wolves
  An eye of draining (D:10)
  6 centaurs
  16 crocodiles
  2 big kobolds
  14 bullfrogs
  10 scorpions
  Dowan (D:6)
  An elephant simulacrum (IceCv)
  6 killer bees (D:7)
  8 wights
  5 howler monkeys (D:7)
  6 electric eels
  A bullfrog zombie (D:7)
  2 draconian simulacra (IceCv)
  9 crimson imps
  7 hounds
  10 orc priests
  2 human zombies (Ossuary)
  12 orc wizards
  A quasit (D:10)
  A bullfrog skeleton (D:8)
  6 jellies
  3 iguanas (D:9)
  2 troll simulacra (IceCv)
  A spriggan simulacrum (IceCv)
  10 worker ants
  A polar bear simulacrum (IceCv)
  A killer bee zombie (D:10)
  4 big kobold zombies (Ossuary)
  A centaur simulacrum (IceCv)
  A hound zombie (D:5)
  3 mummies (Ossuary)
  2 howler monkey zombies
  12 adders
  A howler monkey skeleton (D:7)
  4 naga simulacra (IceCv)
  4 ogre simulacra (IceCv)
  2 scorpion zombies (Ossuary)
  2 shadow imps
  8 white imps (IceCv)
  5 oozes (D:9)
  An adder skeleton (D:6)
  6 worms
  7 dart slugs
  6 leopard geckos
  45 orcs
  7 giant cockroaches
  A gnoll zombie (Ossuary)
  10 goblins
  10 hobgoblins
  6 jackals
  3 quokkas
  A ball python (D:1)
  9 bats
  7 frilled lizards
  7 goblin zombies (Ossuary)
  2 hobgoblin zombies (Ossuary)
  10 kobolds
  3 kobold zombies (Ossuary)
  2 orc zombies (Ossuary)
  4 rats (D:3)
  4 fungi
  3 plants (Lair:5)
537 creatures vanquished.

Vanquished Creatures (collateral kills)
  2 hydras
  A manticore (Lair:6)
  A black mamba (Lair:6)
  A torpor snail (Lair:6)
  A rime drake (Lair:6)
  3 freezing wraiths (IceCv)
  A komodo dragon (Lair:6)
  A hornet (Lair:6)
  6 yaks
  A water moccasin (Lair:6)
  2 porcupines
  An alligator simulacrum (IceCv)
  2 orc warriors
  A wolf (Lair:3)
  An ogre (D:8)
  A wight (D:8)
  A centaur zombie (Ossuary)
  An orc priest (D:9)
  2 orc wizards (D:9)
  2 troll simulacra (IceCv)
  A spriggan simulacrum (IceCv)
  A centaur simulacrum (IceCv)
  2 naga simulacra (IceCv)
  4 white imps (IceCv)
  4 orcs
  A bat (D:3)
45 creatures vanquished.

Vanquished Creatures (others)
  A wolf (Lair:3)
  A scorpion (Ossuary)
  An orc wizard (Orc:1)
  14 fungi
  19 plants
36 creatures vanquished.

Grand Total: 618 creatures vanquished

Notes
Turn   | Place    | Note
-------+----------+-------------------------------------------
     0 | D:1      | Jabberih the Octopode Transmuter began the quest for the
                  | Orb.
     0 | D:1      | Reached XP level 1. HP: 13/13 MP: 3/3
   445 | D:1      | Reached XP level 2. HP: 17/18 MP: 3/5
   478 | D:1      | Learned a level 2 spell: Sticks to Snakes
   647 | D:1      | Found a glowing golden altar of the Shining One.
   755 | D:1      | Reached XP level 3. HP: 23/23 MP: 6/6
   760 | D:1      | Learned a level 3 spell: Spider Form
  1335 | D:2      | Found a faded altar of an unknown god.
  1353 | D:2      | Reached skill level 4 in Unarmed Combat
  1997 | D:3      | Found a burning altar of Makhleb.
  1997 | D:3      | Found a shimmering altar of Xom.
  2003 | D:3      | Reached XP level 4. HP: 24/28 MP: 7/7
  2006 | D:3      | Became a worshipper of Makhleb the Destroyer
  2357 | D:3      | Reached skill level 5 in Unarmed Combat
  2359 | D:3      | Found a shimmering altar of Xom.
  2373 | D:3      | Noticed Purgy
  2394 | D:3      | Reached XP level 5. HP: 30/33 MP: 2/8
  2405 | D:3      | Killed Purgy
  2408 | D:3      | Found a shimmering altar of Xom.
  2410 | D:3      | Found a shimmering altar of Xom.
  2410 | D:3      | Found a shimmering altar of Xom.
  2857 | D:3      | Found a shimmering altar of Xom.
  2857 | D:3      | Found a shimmering altar of Xom.
  2857 | D:3      | Found a shimmering altar of Xom.
  2907 | D:3      | Reached skill level 6 in Unarmed Combat
  2909 | D:3      | Reached * piety under Makhleb
  3066 | D:4      | Reached XP level 6. HP: 35/38 MP: 6/9
  3187 | D:4      | Found a sacrificial altar of Ru.
  3603 | D:4      | Reached skill level 7 in Unarmed Combat
  4147 | D:5      | Entered Level 5 of the Dungeon
  4251 | D:5      | Reached XP level 7. HP: 40/43 MP: 7/10
  4336 | D:5      | Found a sand-covered staircase.
  4341 | Ossuary  | Entered an ossuary
  4565 | Ossuary  | Reached skill level 8 in Unarmed Combat
  5094 | Ossuary  | Reached ** piety under Makhleb
  5121 | Ossuary  | Reached skill level 9 in Unarmed Combat
  5121 | Ossuary  | Reached XP level 8. HP: 48/48 MP: 11/11
  5454 | Ossuary  | Learned a level 3 spell: Mephitic Cloud
  6055 | D:5      | Found Doqejy's Armour Shop.
  6071 | D:5      | Found a radiant altar of Vehumet.
  6579 | D:6      | Found a shimmering blue altar of Sif Muna.
  6653 | D:6      | Reached skill level 10 in Unarmed Combat
  6736 | D:6      | Noticed Eustachio
  6758 | D:6      | Killed Eustachio
  6848 | D:6      | Found Jyob's Gadget Shoppe.
  6901 | D:6      | Noticed Dowan
  6907 | D:6      | Killed Dowan
  6907 | D:6      | Noticed Duvessa
  6923 | D:6      | Killed Duvessa
  7159 | D:6      | Noticed Prince Ribbit
  7167 | D:6      | Killed Prince Ribbit
  7167 | D:6      | Reached skill level 11 in Unarmed Combat
  7167 | D:6      | Reached XP level 9. HP: 17/53 MP: 6/12
  7427 | D:6      | Noticed Edmund
  7443 | D:6      | Killed Edmund
  7791 | D:7      | Paralysed by a kobold for 4 turns
  7861 | D:7      | Paralysed by a kobold for 3 turns
  7887 | D:7      | Reached *** piety under Makhleb
  7901 | D:7      | Found a blossoming altar of Fedhas.
  8132 | D:7      | Reached skill level 1 in Invocations
  8201 | D:7      | Reached skill level 12 in Unarmed Combat
  8446 | D:7      | Found a staircase to the Ecumenical Temple.
  8869 | D:8      | Reached XP level 10. HP: 47/58 MP: 3/13
  9062 | D:8      | Found a basalt altar of Yredelemnul.
  9068 | D:8      | Found a shadowy altar of Dithmenos.
  9120 | D:8      | Found an ornate altar of the Wu Jian Council.
  9900 | D:9      | Learned a level 4 spell: Ice Form
  9948 | D:9      | Found a shattered altar of Ashenzari.
  9967 | D:9      | Reached **** piety under Makhleb
 10251 | D:9      | Found Cief's Distillery.
 10445 | D:9      | Reached skill level 13 in Unarmed Combat
 10445 | D:9      | Reached skill level 1 in Ice Magic
 10585 | D:9      | Reached skill level 5 in Dodging
 10852 | D:9      | Found a staircase to the Orcish Mines.
 10915 | D:9      | Found a roughly hewn altar of Beogh.
 11022 | D:9      | Upgraded the game from 0.25.0-9-g26727b657a to
                  | 0.25.0-10-g039870ee82
 11047 | D:10     | Entered Level 10 of the Dungeon
 11249 | D:10     | Reached skill level 5 in Invocations
 11440 | D:10     | Reached ***** piety under Makhleb
 11440 | D:10     | Reached XP level 11. HP: 67/67 MP: 13/15
 11530 | D:10     | Found a staircase to the Lair.
 11968 | Lair:1   | Entered Level 1 of the Lair of Beasts
 12428 | Lair:1   | Noticed Maggie
 12441 | Lair:1   | Killed Maggie
 13084 | Lair:2   | Reached skill level 5 in Transmutations
 13127 | Lair:2   | Reached skill level 14 in Unarmed Combat
 13462 | Lair:2   | Reached XP level 12. HP: 72/72 MP: 11/17
 13782 | Lair:2   | Found a hole to the Spider Nest.
 14357 | Lair:3   | Noticed a catoblepas
 14362 | Lair:3   | You fall into a shaft and drop 1 floor!
 14687 | Lair:4   | Found a staircase to the Shoals.
 15034 | Lair:3   | Found a runed translucent gate.
 15034 | Lair:3   | Found a runed translucent gate.
 15035 | Lair:3   | Found a runed translucent gate.
 15506 | Lair:3   | Reached ****** piety under Makhleb
 15734 | Lair:3   | Killed a catoblepas
 15734 | Lair:3   | Reached skill level 15 in Unarmed Combat
 16293 | Lair:3   | Noticed Dikli's ghost (journeyman MiBe)
 16992 | Lair:4   | Reached XP level 13. HP: 51/77 MP: 15/20
 17491 | Lair:5   | Found a runed translucent door.
 17491 | Lair:5   | Noticed kalagan's ghost (journeyman GrFi)
 17581 | Lair:5   | Found a frozen archway.
 17589 | IceCv    | Entered an ice cave
 17630 | IceCv    | Reached skill level 10 in Invocations
 17708 | IceCv    | Reached skill level 1 in Evocations
 17812 | IceCv    | Found an ancient bone altar of Kikubaaqudgha.
 19582 | Lair:6   | Entered Level 6 of the Lair of Beasts
 19739 | Lair:6   | Reached skill level 16 in Unarmed Combat
 20067 | Lair:6   | Reached skill level 5 in Evocations
 20437 | Lair:6   | Reached XP level 14. HP: 56/83 MP: 14/21
 20580 | Lair:6   | Found a runed translucent door.
 20580 | Lair:6   | Found a viscous altar of Jiyva.
 20581 | Lair:6   | Found a staircase to the Slime Pits.
 21487 | Orc:1    | Entered Level 1 of the Orcish Mines
 21682 | Orc:1    | Noticed an orc warlord
 22030 | D:9      | Killed an orc warlord
 22070 | Orc:1    | Found a roughly hewn altar of Beogh.
 22283 | Orc:2    | Entered Level 2 of the Orcish Mines
 22552 | Orc:2    | Found Roef's Magic Scroll Shoppe.
 22589 | Orc:2    | Slain by a sixfirhy

Illustrated notes

Levels and vault maps discovered:
D:1:      ebering_hopf_link, layout_rooms, tso_altar
D:2:      layout_basic, first_ration, chequers_ecumenical_altar_island,
          nrook_mini_backslash
D:3:      layout_basic, grunt_temple_overflow_champion_of_chaos, st_stairs_9,
          xom_redecorated, uniq_purgy
D:4:      layout_loops_cross, kennysheep_mini
D:5:      layout_gridville, vehumet_altar_wand_db, serial_shops, shop,
          enter_ossuary_2
D:6:      layout_loops_ring, lemuel_blue_sif_altar, serial_shops,
          nicolae_shop_statue_plus, uniq_prince_ribbit1, uniq_eustachio,
          uniq_edmund, uniq_duvessa
D:7:      layout_rooms, fedhas_altar_2, minmay_temple_entry_drinking_statues
D:8:      layout_cave_pools, grunt_temple_overflow_open
D:9:      layout_loops_cross, evilmike_ruin_ashenzari,
          minmay_orc_entry_temple_small, serial_shops, shop,
          hangedman_little_slice_of_home, hangedman_decor_clover_reticule
D:10:     layout_rooms, erik_lair_island
Lair:1:   layout_misc_corridors, uniq_maggie
Lair:2:   layout_hall_layers, nicolae_spider_entry_non_spiders,
          grunt_megastairs_4, minmay_lair_oklob_chamber
Lair:3:   layout_layer_cave, gammafunk_ghost_necromancy, grunt_megastairs_2,
          infiniplex_staircase_pool
Lair:4:   layout_layer_cave, elwin_shoals_entry_rooms,
          grunt_forest_stairs_basic, st_stairs_13, serial_bayou_shore_a,
          lemuel_fruit_tree
Lair:5:   layout_layer_cave, portal_ice_cave_entry_pillars_1,
          hellmonk_ghost_happy_afterlife, minivault_27
Lair:6:   gammafunk_lair_ancient_temple, layout_regular_city, slime_altar_2
Orc:1:    layout_caves, basic_altar
Orc:2:    st_orc_elflike, layout_caves, basic_altar, bloody_makhleb

Skill      XL: |  1  2  3  4  5  6  7  8  9 10 11 12 13 14 |
---------------+-------------------------------------------+-----
Transmutations | 3 4 5 7 |  7.3
Unarmed Combat | 4 5 6 7 9 11 12 13 14 15 16 | 16.8
Invocations    | 3 5 7 9 10 | 10.0
Dodging        | 4 5 6 8 9 |  9.9
Spellcasting   | 3 |  3.0
Fighting       | 3 4 |  4.3
Ice Magic      | 2 4 |  4.2
Evocations     | 5 6 |  6.0

Action                   |  1- 3 |  4- 6 |  7- 9 | 10-12 | 13-15 || total
-------------------------+-------+-------+-------+-------+-------++-------
Melee: Whip              |     5 |       |       |       |       ||     5
       Constrict         |    26 |    21 |    53 |    31 |     6 ||   137
       Tentacles         |    13 |    13 |    41 |    42 |    13 ||   122
       Unarmed           |    68 |    91 |   271 |   551 |   436 ||  1417
       Kick              |    18 |    12 |     5 |     1 |       ||    36
       Punch             |     3 |     3 |    11 |    10 |     6 ||    33
 Cast: Beastly Appendage |    11 |     7 |     1 |     1 |       ||    20
       Sticks to Snakes  |     1 |     9 |    30 |    36 |    16 ||    92
       Spider Form       |       |     2 |    11 |    18 |       ||    31
       Mephitic Cloud    |       |       |       |    11 |       ||    11
       Ice Form          |       |       |       |    31 |    41 ||    72
Invok: Minor Destruction |       |       |    19 |    11 |     4 ||    34
       Lesser Servant of |       |       |     1 |     4 |    30 ||    35
       Major Destruction |       |       |       |       |     4 ||     4
       Greater Servant o |       |       |       |       |     1 ||     1
 Abil: End Transformatio |       |       |       |     1 |       ||     1
Evoke: Wand              |       |       |     3 |    14 |    12 ||    29
       Box of beasts     |       |       |       |     1 |       ||     1
  Use: Scroll            |     2 |     3 |       |    20 |     3 ||    28
       Potion            |       |       |     3 |     5 |     4 ||    12
 Stab: Sleeping          |     8 |     2 |     4 |     8 |       ||    22
       Distracted        |     2 |       |     5 |     2 |     4 ||    13
       Confused          |       |       |       |     4 |       ||     4
  Eat: Chunk             |     4 |     5 |    11 |    30 |    18 ||    68
       Ration            |       |     1 |     2 |     2 |     3 ||     8
Armor: Skin              |     4 |    16 |    10 |    33 |    60 ||   123
Dodge: Dodged            |    37 |    74 |   166 |   364 |   331 ||   972
